cohdb
Replays
Latest Replays
All Replays
Popular Replays
Top Player Replays
Match Explorer
How It Works
Community
CoH3 Stats
Reddit
Sign in to upload your games and track your stats! →
Sign in with Steam
Match 28194533
Unlisted
Match 28194533
Overview
Messages
Build Orders
End
Panzergrenadier Squad
250 Light Carrier
Panzergrenadier Squad
Construct Light Support Kompanie
Panzerjäger Squad
Fire Support Elements
MG34 Team
Pak 38 Mechanized Group
Construct Mechanized Kompanie
Marder III Tank Destroyer
254 Reconnaissance Tractor
Vehicle Survival Package
Support Armor Elements
StuG III D Assault Gun
Emergency Repair Kits
Construct Panzerarmee Kommand
Flak 36 Anti-tank Gun Team
Armored Reserves
Unsafe
diango40
Sr Muertecita
Turtleboy
GoonLord
datalus
0
0
Comments
sign in to comment!
No comments posted yet!